 Dungeon Crawl Stone Soup version 0.31.0-12-g77e489cdc1 (webtiles) character file.

Game seed: 17480075776714669909

34906 cdecastro the Scorcher (level 13, 0/64 HPs)
             Began as a Deep Elf Fire Elementalist on Feb 12, 2024.
             Was a High Priest of Hepliaklqana.
             Slain by a tengu warrior
             ... wielding a +2 battleaxe
              (1 damage)
             ... on level 13 of the Dungeon on Feb 14, 2024.
             The game lasted 00:54:05 (17822 turns).

cdecastro the Scorcher (DEFE)                      Turns: 17822, Time: 00:54:05

Health: 0/64       AC: 11    Str:  5    XL:     13   Next: 44%
Magic:  33/33      EV: 15    Int: 26    God:    Hepliaklqana [*****.]
Gold:   1663       SH:  0    Dex: 15    Spells: 27/40 levels left

rFire   + + .        b - staff of fire
rCold   + + +        w - orb {*channel}
rNeg    . . .        W - +3 leather armour {rF+}
rPois   .            I - +0 helmet
rElec   .            B - +0 cloak "Voedeo" {^Contam Rampage +Blink rC+++}
rCorr   .            d - +0 pair of gloves
SInv    .            N - +1 pair of boots {Fly}
Will    +++..        (no amulet)
Stlth   ++           X - ring "Geubb" {Will+ Slay+2}
HPRegen 0.30/turn    e - ring of willpower
MPRegen 0.23/turn

%: rampage, channel magic (20%)
@: flying
A: reduced essence
a: Renounce Religion, Evoke Blink, Recall Ancestor, Ancestor Identity,
Transference, Idealise


You were on level 13 of the Dungeon.
You worshipped Hepliaklqana.
Hepliaklqana was extremely pleased with you.
You visited 2 branches of the dungeon, and saw 15 of its levels.
You also visited: Bailey.

You collected 1772 gold pieces.
You spent 109 gold pieces at shops.

Inventory:

Hand Weapons
 a - a +1 arbalest of draining
 c - a +0 sling of draining
Armour
 d - a +0 pair of gloves (worn)
 w - an orb of energy (worn)
 B - the +0 cloak "Voedeo" (worn) {^Contam Rampage +Blink rC+++}
   (You acquired it on level 10 of the Dungeon)

   rC+++:     It renders you almost immune to cold.
   +Blink:    It lets you blink.
   ^Contam:   It causes magical contamination when unequipped.
   Rampage:   It bestows one free step when moving towards enemies.
 I - a +0 helmet (worn)
 N - a +1 pair of boots of flying (worn)
 W - a +3 leather armour of fire resistance (worn)
Magical Staves
 b - a staff of fire (weapon)
 y - a staff of earth
 T - the staff of the Final Decision {rPois rN+ rCorr Stlth+ Necro}
   (You took it off a kobold brigand on level 7 of the Dungeon)

   [staff of death]

   Base accuracy: +5 Base damage: 5 Base attack delay: 1.2 This weapon's minimum
   attack delay (0.6) is reached at skill level 12.
   rPois:     It protects you from poison rN+: It protects you from negative
   energy.
   rCorr:     It protects you from acid and corrosion.
   Stlth+:    It makes you more stealthy.
   Necro:     It increases the power of your Necromancy spells.
   It falls into the 'Staves' category.
   It is a one-handed weapon.
Jewellery
 e - a ring of willpower (right hand)
 f - a ring of resist corrosion
 l - a +4 ring of protection
 n - a +6 ring of intelligence
 q - a +4 ring of protection
 r - a ring of fire
 L - the ring of Ephemeral Luck {rPois rF+}
   (You took it off a kobold in a bailey)

   [ring of protection from fire]

   rF+:       It protects you from fire.
   rPois:     It protects you from poison
 X - the ring "Geubb" (left hand) {Will+ Slay+2}
   (You found it on level 9 of the Dungeon)

   [ring of willpower]

   Slay+2:    It affects your accuracy & damage with ranged weapons and melee
   (+2).
   Will+:     It increases your willpower.
Talismans
 p - a serpent talisman
Wands
 k - a wand of polymorph (7)
 v - a wand of flame (52)
 J - a wand of light (6)
 P - a wand of paralysis (19)
 Q - a wand of mindburst (21)
 R - a wand of roots (9)
 U - a wand of digging (3)
Scrolls
 m - 2 scrolls of teleportation
 s - 3 scrolls of enchant armour
 t - 2 scrolls of fear
 u - 4 scrolls of vulnerability
 A - 2 scrolls of brand weapon
 C - 2 scrolls of immolation
 G - a scroll of amnesia {unknown}
 K - a scroll of noise {unknown}
 V - 3 scrolls of revelation {unknown}
 Y - 4 scrolls of fog {unknown}
Potions
 g - 3 potions of curing
 h - 3 potions of cancellation
 j - a potion of attraction
 o - a potion of magic
 x - a potion of ambrosia
 z - 4 potions of heal wounds
 E - 2 potions of might
 F - 6 potions of enlightenment
 H - 2 potions of mutation
 M - a potion of berserk rage
 O - a potion of haste
 S - 2 potions of brilliance
 Z - a potion of lignification
Miscellaneous
 i - a phantom mirror


   Skills:
 - Level 5.0 Fighting
 - Level 5.0 Staves
 - Level 10.0 Dodging
 - Level 2.4 Stealth
 + Level 14.3 Spellcasting
 - Level 10.0 Conjurations
 - Level 15.0 Fire Magic
 - Level 5.0 Invocations
 - Level 5.0 Evocations


You had 27 spell levels left.
You knew the following spells:

 Your Spells              Type           Power      Damage    Failure   Level
a - Foxfire               Conj/Fire      100%       2x1d9     1%          1
b - Scorch                Fire           100%       2d9       1%          2
c - Inner Flame           Hex/Fire       72%        N/A       4%          3
d - Volatile Blastmotes   Fire/Tloc      100%       2d18      4%          3
e - Flame Wave            Conj/Fire      90%        2d19      2%          4

Your spell library contained the following spells:

 Spells                   Type           Power      Damage    Failure   Level
 Sting                    Conj/Alch      100%       1d9       4%          1
 Dazzling Flash           Conj/Hex       88%        N/A       8%          3
 Hailstorm                Conj/Ice       44%        3d9       8%          3
 Sticky Flame             Fire/Alch      72%        2d12      9%          4
 Mephitic Cloud           Conj/Alch/Air  35%        N/A       12%         3
 Starburst                Conj/Fire      45%        6d13      13%         6
 Freeze                   Ice            72%        1d8       14%         1
 Slow                     Hex            72%        N/A       14%         1
 Mercury Vapours          Alch/Air       36%        N/A       21%         2
 Sublimation of Blood     Necr           18%        N/A       21%         2
 Confusing Touch          Hex            18%        N/A       32%         3
 Frozen Ramparts          Ice            36%        1d6       32%         3
 Sigil of Binding         Hex            18%        N/A       32%         3
 Vampiric Draining        Necr           18%        2d7       32%         3
 Anguish                  Hex/Necr       9%         N/A       65%         4
 Animate Armour           Summ/Erth      36%        N/A       65%         4
 Olgreb's Toxic Radiance  Alch           18%        N/A       65%         4
 Summon Lightning Spire   Summ/Air       18%        N/A       65%         4
 Curse of Agony           Necr           18%        N/A       92%         5
 Lee's Rapid Deconstruct  Erth           9%         3d7*      92%         5
 Metabolic Englaciation   Hex/Ice        9%         N/A       92%         5
 Silence                  Hex/Air        9%         N/A       92%         5
 Discord                  Hex            9%         N/A       100%        8
 Maxwell's Capacitive Co  Air            9%         ∞         100%        8


Dungeon Overview and Level Annotations

Branches:
Dungeon (14/15)            Temple (1/1) D:5            Lair (0/5) D:10
    Orc (0/2) D:12         Vaults (0/5) D:13         Bailey (visited)

Altars:
Ashenzari
Cheibriados
Dithmenos
Elyvilon
Fedhas
Gozag
Hepliaklqana
Kikubaaqudgha
Makhleb
Nemelex Xobeh
Okawaru
Qazlal
Ru
Sif Muna
Trog
Uskayaw
Vehumet
Wu Jian
Xom
Yredelemnul
Zin
The Shining One

Shops:
D:9 *   D:10 [

Annotations:
D:6 vault need dig
D:13 Jorgrun


Message History

There is a stone staircase leading up, spattered with blood here.
Unknown command.
Unknown command.
Something hits you but does no damage.
Audrea hits the tengu warrior with a +0 flail.
The skeletal warrior completely misses you.
The deep elf pyromancer hits you with a +0 dagger.
The tengu warrior hits you with a +2 battleaxe!!
* * * LOW HITPOINT WARNING * * *
The tengu warrior hits Audrea with a +2 battleaxe.
The tengu warrior completely misses you.
The tengu warrior claws you but does no damage.
You fly upwards.
Level annotation: Jorgrun Reactivating autopickup.
There is a stone staircase leading down here.
Unknown command.
Casting: Scorch (safe; 1% risk of failure)
Confirm with . or Enter, or press ? or * to list all spells.
Casting: Flame Wave (dangerous; 2% risk of failure)
Press: ? - help, Dir - look around, f - activate You feel a surge of power!
A wave of flame ripples out!
The flame wave engulfs the skeletal warrior!
The skeletal warrior is lightly damaged.
Audrea avoids your attack.
The flame wave engulfs the deep elf pyromancer!!
The deep elf pyromancer is heavily wounded.
The flame wave engulfs the tengu warrior!
The tengu warrior is moderately wounded. (Press . to intensify the flame waves.) Magical energy flows into your mind!
The deep elf pyromancer hits you with a +0 dagger.
* * * LOW HITPOINT WARNING * * *
The skeletal warrior hits you with a +0 long sword!
* * * LOW HITPOINT WARNING * * *
The tengu warrior slips past you!
The tengu warrior hits you with a +2 battleaxe!
* * * LOW HITPOINT WARNING * * *
The tengu warrior pecks you.
You die...

#.# ##.....###### #.#
###..#.#...# #.# #...##.###.#
#.# #..........# # #.#
#....[.....# # #.#
#..........#
######.####..........# #####
)......#.......Q[e...# ##...#
######)#.##....z@....# ##..#.#
.........##....∩R....###..#R.#
######.####..........##..##.##
#...............##.#...#
######.##.#..........##.#.###
..†....##............#R.#.#
##########.............#..#
#..........###..##
##########.....##


You could see the friendly Audrea the knight, a skeletal warrior, a tengu
warrior (ally target) and a deep elf pyromancer.

Vanquished Creatures
  Erolcha (D:9)
  2 boulder beetles
  2 centaur warriors (D:13)
  5 two-headed ogres
  A tengu warrior (D:13)
  Urug (D:10)
  Nergalle (D:10)
  Lodul (D:12)
  Maurice (D:12)
  A deep elf zephyrmancer (D:13)
  3 ugly things
  A manticore (D:11)
  2 cyclopes
  4 meliai
  A meliai (shapeshifter) (D:14)
  3 centaur zombies (D:10)
  Joseph (D:7)
  An unseen horror (D:13)
  Jeremiah (D:6)
  A komodo dragon (D:7)
  A tengu conjurer (D:13)
  2 trolls
  4 slime creatures (D:13)
  4 wraiths
  2 shadows
  Sigmund (D:4)
  6 yaks
  11 humans (D:13)
  A warg (D:12)
  2 steam dragons
  2 acid dragons (D:11)
  7 orc warriors
  4 black bears
  An ice beast (D:7)
  8 ogres
  4 centaurs
  2 wolves (D:10)
  2 kobold brigands (D:7)
  2 phantoms (D:7)
  3 bullfrogs
  A gnoll sergeant (D:5)
  8 scorpions
  5 wights
  7 killer bees
  3 howler monkeys
  2 electric eels (D:10)
  4 orc priests
  9 hounds
  A jelly (D:6)
  A gnoll bouda (D:6)
  5 sleepcaps
  Ijyb (D:4)
  5 iguanas
  10 orc wizards
  6 gnolls
  14 adders
  2 shadow imps (D:7)
  A white imp (D:7)
  2 dart slugs
  3 ribbon worms
  34 orcs
  2 endoplasms
  4 giant cockroaches (D:1)
  9 hobgoblins
  4 jackals (D:3)
  13 kobolds
  6 quokkas
  9 ball pythons
  4 bats
  3 frilled lizards
  8 goblins
  7 rats
296 creatures vanquished.

Vanquished Creatures (collateral kills)
  2 centaur warriors (D:13)
  An orc knight (D:13)
  An ugly thing (D:13)
  A cyclops (D:7)
  A manticore (D:13)
  2 meliai
  2 centaur zombies (D:10)
  A komodo dragon (D:11)
  A gargoyle (D:12)
  A tengu conjurer (D:13)
  2 trolls (D:12)
  A hornet (D:8)
  4 slime creatures
  A shadow (D:9)
  A vampire (D:10)
  2 wraiths
  A basilisk (D:7)
  5 humans (D:13)
  2 yaks
  A water moccasin (D:5)
  An orc warrior (D:12)
  2 ogres (D:12)
  A sky beast (D:7)
  A centaur (D:11)
  A wolf (D:12)
  4 bullfrogs
  A scorpion (D:7)
  A wight (D:7)
  2 killer bees
  A howler monkey (D:7)
  A jelly (D:5)
  An iguana (D:5)
  3 gnolls
  10 orcs
  A goblin (D:9)
  5 kobolds (Bailey)
69 creatures vanquished.

Vanquished Creatures (others)
  10 knights
  2 ancestors (D:5)
  644 foxfires
656 creatures vanquished.

Grand Total: 1021 creatures vanquished

Notes
Turn   | Place    | Note
-------+----------+-------------------------------------------
     0 | D:1      | cdecastro the Deep Elf Fire Elementalist began the quest
                  | for the Orb.
     0 | D:1      | Reached XP level 1. HP: 10/10 MP: 6/6
   194 | D:1      | Reached XP level 2. HP: 15/15 MP: 1/8
   280 | D:1      | Reached skill level 4 in Fire Magic
  1427 | D:2      | Reached XP level 3. HP: 19/19 MP: 6/9
  1643 | D:2      | Reached skill level 5 in Fire Magic
  1884 | D:2      | Found a faded altar of an unknown god.
  2190 | D:3      | Reached XP level 4. HP: 24/24 MP: 3/10
  2334 | D:3      | Found a hazy altar of Hepliaklqana.
  2582 | D:3      | Became a worshipper of Hepliaklqana the Forgotten
  2648 | D:3      | Reached skill level 6 in Fire Magic
  2766 | D:3      | Reached XP level 5. HP: 28/28 MP: 3/11
  2966 | D:3      | Learned a level 2 spell: Scorch
  2970 | D:3      | Learned a level 3 spell: Inner Flame
  2974 | D:3      | Learned a level 3 spell: Volatile Blastmotes
  3343 | D:3      | Reached skill level 7 in Fire Magic
  3501 | D:4      | Noticed Sigmund
  3800 | D:4      | Noticed Ijyb
  3814 | D:4      | Killed Ijyb
  3815 | D:4      | Reached XP level 6. HP: 31/32 MP: 0/12
  3967 | D:4      | Reached * piety under Hepliaklqana
  4084 | D:4      | Killed Sigmund
  4085 | D:4      | Reached skill level 8 in Fire Magic
  4386 | D:4      | Found a basalt altar of Yredelemnul.
  4397 | D:5      | Entered Level 5 of the Dungeon
  4399 | D:5      | Noticed a water moccasin
  4402 | D:5      | Reached XP level 7. HP: 32/32 MP: 9/13
  4433 | D:5      | Reached skill level 9 in Fire Magic
  4594 | D:5      | Found a staircase to the Ecumenical Temple.
  4604 | D:5      | Found a snail-covered altar of Cheibriados.
  4608 | Temple   | Entered the Ecumenical Temple
  4615 | D:5      | Reached skill level 10 in Fire Magic
  4744 | D:5      | Reached skill level 5 in Spellcasting
  4962 | D:5      | Reached XP level 8. HP: 29/36 MP: 10/18
  5762 | D:6      | Reached skill level 10 in Spellcasting
  5861 | D:6      | Reached XP level 9. HP: 40/40 MP: 18/25
  5944 | D:6      | You fall into a shaft and drop 3 floors!
  5967 | D:9      | Reached ** piety under Hepliaklqana
  5974 | D:9      | Remembered your ancestor Audrea as a knight
  5991 | D:9      | Reached skill level 5 in Conjurations
  6118 | D:9      | Found a flagged portal.
  6231 | Bailey   | Entered a bailey
  6279 | Bailey   | Identified the ring of Ephemeral Luck {rPois rF+}
  7383 | D:6      | Noticed Jeremiah
  7402 | D:6      | Killed Jeremiah
  7599 | D:6      | Found a glowing silver altar of Zin.
  7999 | D:7      | Reached skill level 10 in Conjurations
  7999 | D:7      | Reached skill level 1 in Fighting
  7999 | D:7      | Reached XP level 10. HP: 38/46 MP: 13/26
  8235 | D:7      | Learned a level 4 spell: Flame Wave
  8246 | D:7      | Identified the staff of the Final Decision {rPois rN+ rCorr
                  | Stlth+ Necro}
  8304 | D:7      | Noticed a cyan ugly thing
  8310 | D:7      | Killed a cyan ugly thing
  8326 | D:7      | Reached skill level 5 in Fighting
  8482 | D:7      | Reached skill level 5 in Dodging
  8568 | D:7      | Noticed Joseph
  8689 | D:7      | Noticed a boulder beetle
  9260 | D:7      | Killed a boulder beetle
  9350 | D:7      | Noticed a cyclops
  9361 | D:7      | Killed a cyclops
  9507 | D:7      | Killed Joseph
  9508 | D:7      | Reached XP level 11. HP: 36/56 MP: 11/27
  9698 | D:7      | Got Lizumem's Folio of Spellbinding and Shades
  9976 | D:7      | Reached *** piety under Hepliaklqana
 10664 | D:8      | Reached skill level 10 in Dodging
 10788 | D:8      | Noticed a two-headed ogre
 10795 | D:8      | Killed a two-headed ogre
 11472 | D:9      | Found an ancient bone altar of Kikubaaqudgha.
 11599 | D:9      | Found Daenaiwo's Assorted Antiques.
 11606 | D:9      | Bought a smoky green potion for 25 gold pieces
 11606 | D:9      | Bought a potion of curing for 84 gold pieces
 11709 | D:9      | Identified the ring "Geubb" {Will+ Slay+2}
 11840 | D:9      | Noticed Erolcha
 11858 | D:9      | Killed Erolcha
 11859 | D:9      | Reached skill level 11 in Fire Magic
 11903 | D:10     | Entered Level 10 of the Dungeon
 11994 | D:10     | Found a staircase to the Lair.
 12034 | D:10     | Noticed Nergalle
 12038 | D:10     | Noticed a spectral orc warlord
 12043 | D:10     | Killed Nergalle
 12044 | D:10     | Reached skill level 12 in Fire Magic
 12085 | D:10     | Got Jarr's Codex of Ill Luck
 12361 | D:10     | Reached **** piety under Hepliaklqana
 12403 | D:10     | Noticed a two-headed ogre
 12408 | D:10     | Reached skill level 13 in Fire Magic
 12409 | D:10     | Killed a two-headed ogre
 12571 | D:10     | Found a glowing golden altar of the Shining One.
 12665 | D:10     | Reached XP level 12. HP: 53/61 MP: 19/28
 12800 | D:10     | Noticed Urug
 12819 | D:10     | Reached skill level 14 in Fire Magic
 13007 | D:10     | Found Othrecevi's Armour Emporium.
 13166 | D:10     | Killed Urug
 13242 | D:10     | Found an iron altar of Okawaru.
 13255 | D:10     | Identified a scroll of acquirement
 13255 | D:10     | Acquired the +0 cloak "Voedeo" {^Contam Rampage +Blink
                  | rC+++}
 13821 | D:11     | Noticed a two-headed ogre
 13829 | D:11     | Killed a two-headed ogre
 13830 | D:11     | Reached skill level 15 in Fire Magic
 13830 | D:11     | Reached skill level 1 in Invocations
 14023 | D:11     | Noticed a boulder beetle
 14052 | D:11     | Killed a boulder beetle
 14441 | D:12     | Reached ***** piety under Hepliaklqana
 14552 | D:12     | Found a staircase to the Orcish Mines.
 14604 | D:12     | Noticed Maurice
 14615 | D:12     | Killed Maurice
 14617 | D:12     | Noticed Lodul
 14623 | D:12     | Noticed a two-headed ogre
 14627 | D:12     | Killed a two-headed ogre
 14628 | D:12     | Reached skill level 5 in Invocations
 14976 | D:12     | Killed Lodul
 15414 | D:12     | Reached skill level 5 in Evocations
 15414 | D:12     | Reached skill level 1 in Staves
 15652 | D:13     | Noticed a two-headed ogre
 15652 | D:13     | Noticed a centaur warrior
 15652 | D:13     | Noticed a centaur warrior
 15652 | D:13     | Found a gate to the Vaults.
 15712 | D:13     | Noticed a centaur warrior
 15805 | D:13     | Killed a centaur warrior
 15906 | D:13     | Reached skill level 5 in Staves
 16040 | D:13     | Killed a centaur warrior
 16098 | D:13     | Noticed a tengu warrior
 16102 | D:13     | Killed a tengu warrior
 16103 | D:13     | Reached XP level 13. HP: 45/64 MP: 22/29
 16448 | D:13     | Found an ornate altar of the Wu Jian Council.
 16492 | D:13     | Identified the +8 short sword "Kuivok" {chaos, *Slow Str+3
                  | Int+3 Stlth+}
 17312 | D:13     | Noticed Jorgrun
 17486 | D:14     | Found a hide-covered altar of Uskayaw.
 17513 | D:14     | HP: 3/64 [something (9)]
 17822 | D:13     | HP: 1/64 [tengu warrior/+2 battleaxe (12)]
 17822 | D:13     | Slain by a tengu warrior

Illustrated notes

Levels and vault maps discovered:
D:1:      roderic_crossed_star, layout_basic, chequers_serial_rivers_room_b
D:2:      layout_basic, dreamdust_ecumenical_altar_hidden_monk_grotto
D:3:      layout_basic, nicolae_hepliaklqana_hippocampus
D:4:      layout_cave_pools, general_overflow_altar,
          hangedman_decor_diamond_cutter, minivault_24, uniq_sigmund, uniq_ijyb
D:5:      layout_rooms, mainiacjoe_overflow_chevrons, minmay_temple_entry_hall,
          nzn_random_ring
D:6:      layout_basic, zin_treasury, uniq_jeremiah
D:7:      minmay_the_grid_octo_tiled_squarecenter [minmay_the_grid_octo_horde,
          minmay_the_grid_octo_77, minmay_the_grid_octo_checkered,
          minmay_the_grid_octo_pinwheel,
          minmay_the_grid_square_5x5_megaprize_diamond,
          minmay_the_grid_square_5x5_intrusive_squares,
          minmay_the_grid_square_5x5_detours,
          minmay_the_grid_square_5x5_eight_small, minmay_the_grid_square_5x5_v],
          layout_loops_corners, uniq_joseph
D:8:      layout_loops_ring
D:9:      layout_roguey, old_standard_altar, serial_shops, shop, enter_bailey_5,
          nicolae_benzene_ring, uniq_erolcha
D:10:     layout_long_grid, nicolae_overflow_hidden_temple, tso_oasis_becter,
          erik_lair_island, serial_shops, nicolae_shop_real_fake_doors,
          serial_undead, serial_undead_a, serial_undead_e, serial_undead_f,
          serial_undead_f, hive_lemuel, uniq_urug, uniq_nergalle
D:11:     layout_loops_ring
D:12:     layout_stronghold, minmay_orc_entry_guard_dogs, drop_trap, uniq_lodul,
          uniq_maurice
D:13:     layout_loops_ring, david_vaults_3, nicolae_wu_jian_glorious_leap,
          uniq_jorgrun
D:14:     layout_cave_pools, nicolae_uskayaw_suspiria
Temple:   nicolae_temple_bog_church

Skill      XL: |  1  2  3  4  5  6  7  8  9 10 11 12 13 |
---------------+----------------------------------------+-----
Fire Magic     | 4 5 6 7 8 10 13 15 | 15.0
Spellcasting   | 5 10 14 | 14.3
Conjurations   | 3 10 | 10.0
Fighting       | 1 5 |  5.0
Dodging        | 8 10 | 10.0
Invocations    | 5 |  5.0
Evocations     | 5 |  5.0
Staves         | 5 |  5.0
Stealth        | |  2.4

Action                     |  1- 3 |  4- 6 |  7- 9 | 10-12 | 13-15 || total
---------------------------+-------+-------+-------+-------+-------++-------
  Melee: Dagger            |     3 |    36 |     9 |     2 |       ||    50
         Whip              |       |       |       |    12 |       ||    12
         Staff             |       |       |       |    21 |    22 ||    43
         Punch             |       |       |       |     1 |       ||     1
   Fire: Arbalest          |       |     1 |    77 |    43 |       ||   121
   Cast: Foxfire           |    88 |    84 |    28 |   151 |    14 ||   365
         Scorch            |       |    12 |    80 |   289 |    69 ||   450
         Volatile Blastmot |       |       |     7 |     2 |       ||     9
         Inner Flame       |       |       |    16 |    18 |     2 ||    36
         Flame Wave        |       |       |       |     5 |     2 ||     7
 Invoke: Recall Ancestor   |       |       |     7 |    10 |     5 ||    22
         Ancestor Life: Kn |       |       |     1 |       |       ||     1
  Evoke: Wand              |       |       |       |     2 |       ||     2
    Use: Scroll            |       |       |    11 |    12 |     4 ||    27
   Stab: Sleeping          |       |     1 |     2 |     1 |       ||     4
 Armour: Robe              |     1 |       |       |       |       ||     1
         Leather armour    |     7 |    43 |    40 |   155 |    52 ||   297
  Dodge: Dodged            |     9 |    35 |    27 |   122 |    46 ||   239
